 Dungeon Crawl Stone Soup version 0.22-a0-348-gd16d139 (webtiles) character file.

9038 mhoghedin the Nimble (level 11, -4/58 HPs)
             Began as a Spriggan Venom Mage on Apr 8, 2018.
             Was a Priest of Sif Muna.
             Killed by the air
             ... invoked by Gastronok
              (29 damage)
             ... on level 11 of the Dungeon.
             The game lasted 00:45:05 (12660 turns).

mhoghedin the Nimble (Spriggan Venom Mage)         Turns: 12660, Time: 00:45:06

Health: -4/58      AC:  3    Str:  4    XL:     11   Next: 17%
Magic:  29/34      EV: 28    Int: 20    God:    Sif Muna [***...]
Gold:   247        SH:  0    Dex: 24    Spells: 3/28 levels left

rFire    . . .     SeeInvis +   y - +3 arbalest
rCold    . . .     Gourm    .   (shield currently unavailable)
rNeg     . . .     Faith    .   a - +1 robe
rPois    .         Spirit   .   (helmet restricted)
rElec    .         Reflect  .   (no cloak)
rCorr    .         Harm     .   (gloves unavailable)
MR       +....                  (boots unavailable)
Stlth    +++.......             (no amulet)
HPRegen  0.19/turn              g - ring of magical power {MP+9}
MPRegen  0.24/turn              s - +5 ring of dexterity

@: studying 2 skills, drained, divine energy, very quick
A: very small, unfitting armour, hooves 1, see invisible, agile 1, herbivore,
speed 3, slow metabolism 2, evolution 1
a: Stop Divine Energy, Channel Magic, Renounce Religion


You were on level 11 of the Dungeon.
You worshipped Sif Muna.
Sif Muna was most pleased with you.
You were not hungry.

You visited 1 branch of the dungeon, and saw 10 of its levels.
You also visited: Bailey.

You collected 471 gold pieces.
You spent 224 gold pieces at shops.

Inventory:

Hand Weapons
 q - a +2 flail of protection
   (You took it off Edmund on level 4 of the Dungeon)
 y - a +3 arbalest (weapon)
   (You took it off an orc in a bailey)
Missiles
 x - 247 bolts (quivered)
Armour
 a - a +1 robe (worn)
Jewellery
 g - a ring of magical power (left hand) {MP+9}
   (You found it on level 5 of the Dungeon)
 p - an uncursed ring of magical power {MP+9}
   (You found it on level 9 of the Dungeon)
 s - a +5 ring of dexterity (right hand)
   (You found it on level 8 of the Dungeon)
Wands
 r - a wand of paralysis (12)
   (You found it on level 6 of the Dungeon)
 v - a wand of iceblast (3)
   (You took it off a kobold on level 8 of the Dungeon)
Scrolls
 b - 2 scrolls of blinking {!r}
 d - a scroll of amnesia
 f - a scroll of random uselessness {unknown}
 i - a scroll of immolation {!r}
 k - a scroll of teleportation
 o - a scroll of remove curse
 u - a scroll of enchant armour
 w - a scroll of fear {unknown}
Potions
 e - a potion of cancellation
 h - 4 potions of heal wounds
 j - 3 potions of haste
 l - 3 potions of berserk rage {!q}
 m - a potion of degeneration {unknown}
 n - 4 potions of curing
 t - 3 potions of mutation {!q}
Books
 z - a manual of Armour {!d}
   (You found it in a bailey)
 A - a manual of Fighting {!d}
   (You found it in a bailey)
Comestibles
 c - 8 rations


   Skills:
 - Level 6.4(6.1) Fighting
 + Level 8.7(8.4) Crossbows
 - Level 9.9(9.5) Dodging
 - Level 3.0(2.7) Stealth
 - Level 9.2(8.8) Spellcasting
 - Level 0.6(0.3) Conjurations
 - Level 5.4(5.0) Necromancy
 - Level 8.0(7.6) Poison Magic


You had 3 spell levels left.
You knew the following spells:

 Your Spells              Type           Power        Failure   Level  Hunger
a - Vampiric Draining     Necr           ####......   3%          3    None
b - Poisonous Vapours     Pois/Air       ###...       2%          2    None
c - Olgreb's Toxic Radia  Pois           #####...     3%          4    ###....
d - Venom Bolt            Conj/Pois      ###.......   38%         5    #####..
e - Animate Skeleton      Necr           N/A          1%          1    None
r - Regeneration          Chrm/Necr      ###.......   9%          3    None
x - Mephitic Cloud        Conj/Pois/Air  ###.....     8%          3    None
A - Animate Dead          Necr           N/A          10%         4    ###....


Dungeon Overview and Level Annotations

Branches:
Dungeon (11/15)            Temple (0/1) D:7             Orc (0/2) D:9
   Lair: D:8-11

Altars:
Ashenzari
Dithmenos
Sif Muna
Uskayaw
Wu Jian

Shops:
D:6 !   D:7 *   D:9 *

Annotations:
D:7 xccam's ghost, novice GnWn
D:11 Gastronok; VLARC's ghost, journeyman TrMo


Innate Abilities, Weirdness & Mutations

You are very small and have problems with some larger weapons.
You are too small for most types of armour.
You have supernaturally acute eyesight. (SInv)
You are a herbivore.
You cover ground extremely quickly.
You need to consume almost no food.
You have large cloven feet.
You are agile. (Dex +2)
You evolve.


Message History

Firing (i - inventory)
x - 241 bolts (quivered)
Aim: a wight, wielding an enchanted flail and wearing a robe (lightly damaged)
You shoot a bolt. The bolt hits the wight.
Firing (i - inventory)
x - 240 bolts (quivered)
Aim: a wight, wielding an enchanted flail and wearing a robe (moderately damaged)
You shoot a bolt. The bolt hits the wight.
The wight hits you with an enchanted flail.
You take 1 damage, and have 39/58 hp.
Firing (i - inventory)
x - 239 bolts (quivered)
Aim: a wight, wielding an enchanted flail and wearing a robe (heavily damaged)
You shoot a bolt. The bolt hits the wight!
You destroy the wight!
Sif Muna accepts your kill.
Your skin crawls.
You now have 31/34 mp.
x - 239 bolts (gained 1)
Things that are here:
an enchanted flail; a robe Your skin is crawling a little less now.
x - 240 bolts (gained 1)
Your skin stops crawling.
x - 241 bolts (gained 1)
x - 242 bolts (gained 1)
Things that are here:
an enchanted great sword; a robe
x - 243 bolts (gained 1)
x - 244 bolts (gained 1)
x - 245 bolts (gained 1)
x - 246 bolts (gained 1)
x - 247 bolts (gained 1)
x - 248 bolts (gained 1)
Things that are here:
a mace; a robe
x - 249 bolts (gained 1)
x - 250 bolts (gained 1)
x - 251 bolts (gained 1)
Things that are here:
a great sword of freezing; a robe
x - 252 bolts (gained 1)
x - 253 bolts (gained 1)
x - 255 bolts (gained 2)
There is an open door here.
A wight comes into view. It is wielding a spear.
You see here a bolt.
A wight is nearby!
A wight is nearby!
Unknown command.
You regained 16 hp, and now have 57/58 hp.
MP restored: 34 Firing (i - inventory)
x - 255 bolts (quivered)
Aim: a wight, wielding a spear and wearing a robe (hasn't noticed you)
You shoot a bolt. The bolt hits the wight.
Gastronok the Ponderous comes into view.
Health restored: 58 Firing (i - inventory)
x - 254 bolts (quivered)
Aim: a wight, wielding a spear and wearing a robe (moderately damaged)
You shoot a bolt. The bolt hits the wight!
You destroy the wight!
Sif Muna accepts your kill.
Gastronok's eyestalks quiver as he mumbles some strange words.
Gastronok puts on a burst of speed!
Firing (i - inventory)
x - 253 bolts (quivered)
Aim: Gastronok, wearing an embroidered hat (covering ground quickly)
You shoot a bolt. The bolt hits Gastronok!
Firing (i - inventory)
x - 252 bolts (quivered)
Aim: Gastronok, wearing an embroidered hat (lightly wounded, covering ground quickly)
You shoot a bolt. The bolt hits Gastronok!
Gastronok makes a strange noise.
Firing (i - inventory)
x - 251 bolts (quivered)
Aim: Gastronok, wearing an embroidered hat (lightly wounded, covering ground quickly)
You shoot a bolt. The bolt hits Gastronok!
Firing (i - inventory)
x - 250 bolts (quivered)
Aim: Gastronok, wearing an embroidered hat (moderately wounded, covering ground quickly)
You shoot a bolt. The bolt hits Gastronok!
Gastronok mumbles some strange words.
Your skin takes on a slight green cast.
Aim: Gastronok, wearing an embroidered hat (moderately wounded, covering ground quickly)
The ball explodes into a vile cloud!
The stinking cloud engulfs Gastronok.
You now have 31/34 mp.
Firing (i - inventory)
x - 249 bolts (quivered)
Aim: Gastronok, wearing an embroidered hat (noxious fumes, moderately wounded, covering ground quickly)
You shoot a bolt.
The bolt hits Gastronok but does no damage.
Gastronok is engulfed in noxious fumes.
Firing (i - inventory)
x - 248 bolts (quivered)
Aim: Gastronok, wearing an embroidered hat (noxious fumes, moderately wounded, covering ground quickly)
You shoot a bolt. The bolt hits Gastronok.
Gastronok is engulfed in noxious fumes.
Gastronok bites you!!
Ouch! That really hurt!
You take 33 damage, and have 25/58 hp.
MASSIVE DAMAGE!!
There is an open door here.
Aim: Gastronok, wearing an embroidered hat (moderately wounded, covering ground quickly)
The ball explodes into a vile cloud!
The stinking cloud engulfs Gastronok.
You hear two shouts!
You hear a shout!
Gastronok is engulfed in noxious fumes.
Gastronok waves his eye-stalks in wide circles.
The air twists around and strikes you!
Ouch! That really hurt!
You die...

## (W #. .#
######'##(#
#.......#.#
####......>..#
...'.......)#
#........##
#......@§w#
#.......#.§(((...
#.......######(..
#.......#
#.......#
###'##.## #..).#
#####'.##
#..[....#
###+######


You could see Gastronok and VLARC's ghost.

Vanquished Creatures
  An orc knight (Bailey)
  An ugly thing (D:11)
  2 hippogriffs
  Prince Ribbit (D:8)
  4 slime creatures (D:10)
  A spriggan (D:8)
  A yak (D:10)
  A wyvern (D:8)
  Edmund (D:4)
  A warg (D:11)
  2 phantoms
  3 black bears
  3 sky beasts
  15 orc warriors
  A necrophage (D:8)
  2 ice beasts (D:10)
  7 centaurs
  4 ogres
  3 big kobolds
  5 bullfrogs
  A wyvern zombie (D:10)
  4 scorpions
  11 killer bees
  5 wights (D:11)
  A howler monkey (D:6)
  4 crimson imps
  A quasit (D:9)
  A jelly (D:9)
  3 hounds
  7 orc priests
  A bullfrog skeleton (D:10)
  2 centaur skeletons (D:9)
  2 iguanas
  7 orc wizards
  5 worker ants
  A worker ant zombie (D:11)
  3 gnolls (D:5)
  A howler monkey skeleton (D:5)
  4 adders
  3 shadow imps
  An adder zombie (D:7)
  A dart slug (D:2)
  9 leopard geckos
  41 orcs
  A ball python (D:1)
  4 giant cockroaches
  13 goblins
  4 hobgoblins
  9 jackals
  15 kobolds
  4 quokkas
  A ball python skeleton (D:4)
  2 bats
  A frilled lizard (D:1)
  A leopard gecko skeleton (D:4)
  A leopard gecko zombie (D:8)
  5 rats
239 creatures vanquished.

Vanquished Creatures (collateral kills)
  An ice beast (D:9)
  A killer bee (D:9)
  A centaur zombie (D:9)
  An orc wizard (D:9)
  A centaur skeleton (D:9)
  A goblin (D:9)
6 creatures vanquished.

Vanquished Creatures (others)
  A plant (D:11)
1 creature vanquished.

Grand Total: 246 creatures vanquished

Notes
Turn   | Place    | Note
-------+----------+-------------------------------------------
     0 | D:1      | mhoghedin the Spriggan Venom Mage began the quest for the Orb.
     0 | D:1      | Reached XP level 1. HP: 9/9 MP: 5/5
   280 | D:1      | Reached skill level 3 in Spellcasting
   486 | D:1      | Reached XP level 2. HP: 13/13 MP: 1/7
   547 | D:1      | Learned a level 2 spell: Poisonous Vapours
  1417 | D:2      | Reached XP level 3. HP: 16/16 MP: 3/9
  1582 | D:2      | Found a hide-covered altar of Uskayaw.
  1836 | D:2      | Reached skill level 4 in Spellcasting
  1836 | D:2      | Reached skill level 4 in Poison Magic
  1840 | D:2      | You fall through a shaft for 2 floors!
  1964 | D:4      | Learned a level 3 spell: Mephitic Cloud
  2066 | D:4      | Noticed Edmund
  2133 | D:4      | Reached XP level 4. HP: 20/21 MP: 1/11
  2655 | D:4      | Found a deep blue altar of Sif Muna.
  2670 | D:4      | Killed Edmund
  2670 | D:4      | Reached skill level 5 in Spellcasting
  2670 | D:4      | Reached XP level 5. HP: 24/24 MP: 1/13
  2693 | D:4      | Became a worshipper of Sif Muna the Loreminder
  2876 | D:4      | HP: 4/24 [orc wizard/magic dart (5)]
  2881 | D:4      | Reached skill level 5 in Poison Magic
  3402 | D:5      | Entered Level 5 of the Dungeon
  3408 | D:5      | Learned a level 4 spell: Olgreb's Toxic Radiance
  3414 | D:5      | Learned a level 5 spell: Venom Bolt
  3451 | D:5      | Found the +8 longbow "Zephyr" {speed, Dex+3 SInv}
  3812 | D:5      | Reached XP level 6. HP: 18/28 MP: 11/15
  3859 | D:5      | Noticed an ice beast
  4181 | D:5      | HP: 5/28 [acid (9)]
  4604 | D:5      | Reached skill level 6 in Spellcasting
  4977 | D:6      | Reached skill level 6 in Poison Magic
  5092 | D:6      | Reached XP level 7. HP: 32/32 MP: 18/18
  5136 | D:6      | Reached skill level 7 in Spellcasting
  5240 | D:6      | Reached * piety under Sif Muna
  5828 | D:6      | Found Qiotue's Distillery.
  5917 | D:6      | Found a shattered altar of Ashenzari.
  5988 | D:6      | Bought 2 potions of mutation for 224 gold pieces
  5988 | D:6      | Gained mutation: You are weak. (Str -2) [potion of mutation]
  5988 | D:6      | Lost mutation: You are weak. (Str -2) [potion of mutation]
  5988 | D:6      | Gained mutation: You evolve. [potion of mutation]
  6154 | D:7      | Reached skill level 8 in Spellcasting
  6154 | D:7      | Reached skill level 7 in Poison Magic
  6210 | D:7      | Reached XP level 8. HP: 36/36 MP: 13/21
  6325 | D:7      | Found a staircase to the Ecumenical Temple.
  6452 | D:7      | Noticed xccam's ghost (novice GnWn)
  6852 | D:7      | Found Wiafuowymo's General Store.
  6938 | D:8      | Reached ** piety under Sif Muna
  6938 | D:8      | Reached skill level 9 in Spellcasting
  6972 | D:8      | Reached skill level 8 in Poison Magic
  7114 | D:8      | Reached skill level 1 in Fighting
  7114 | D:8      | Reached skill level 4 in Dodging
  7249 | D:8      | Noticed a hippogriff
  7285 | D:8      | Killed a hippogriff
  7285 | D:8      | Reached skill level 2 in Fighting
  7285 | D:8      | Reached skill level 5 in Dodging
  7302 | D:8      | Gained mutation: You are agile. (Dex +2) [evolution]
  7398 | D:8      | Noticed Prince Ribbit
  7409 | D:8      | Reached skill level 6 in Dodging
  7417 | D:8      | Reached skill level 3 in Fighting
  7417 | D:8      | Reached XP level 9. HP: 36/44 MP: 16/23
  7427 | D:8      | Killed Prince Ribbit
  7427 | D:8      | Reached skill level 7 in Dodging
  7606 | D:8      | Found a shadowy altar of Dithmenos.
  7913 | D:9      | Identified a scroll of acquirement
  7923 | D:9      | Learned a level 3 spell: Regeneration
  7927 | D:9      | Learned a level 3 spell: Vampiric Draining
  7932 | D:9      | Learned a level 4 spell: Animate Dead
  8027 | D:9      | Reached skill level 1 in Necromancy
  8030 | D:9      | Learned a level 1 spell: Animate Skeleton
  8072 | D:9      | Reached skill level 2 in Necromancy
  8085 | D:9      | Reached skill level 3 in Necromancy
  8233 | D:9      | Found Nehoupso's Assorted Antiques.
  8286 | D:9      | Reached skill level 4 in Necromancy
  8314 | D:9      | Found a staircase to the Orcish Mines.
  8568 | D:9      | Found a flagged portal.
  8577 | Bailey   | Entered a bailey
  8601 | Bailey   | Reached skill level 5 in Necromancy
  8850 | Bailey   | HP: 9/45 [orc warrior/bolt (24)]
  8859 | Bailey   | Reached skill level 1 in Crossbows
  9096 | Bailey   | Reached skill level 2 in Crossbows
  9239 | Bailey   | Reached skill level 3 in Crossbows
  9244 | Bailey   | Reached XP level 10. HP: 49/49 MP: 23/24
  9616 | Bailey   | Reached skill level 4 in Crossbows
  9635 | Bailey   | Noticed an orc knight
  9663 | Bailey   | Killed an orc knight
  9663 | Bailey   | Reached skill level 5 in Crossbows
  9898 | D:9      | Found an ornate altar of the Wu Jian Council.
  9932 | D:9      | Reached skill level 6 in Crossbows
 10058 | D:9      | Reached *** piety under Sif Muna
 10129 | D:9      | Got a translucent jade ring
 10137 | D:9      | Identified the ring "Hicapo" {SInv Stlth-} (You found it on level 9 of the Dungeon)
 10509 | D:10     | Entered Level 10 of the Dungeon
 10579 | D:10     | Reached skill level 7 in Crossbows
 10798 | D:10     | Reached skill level 4 in Fighting
 10798 | D:10     | Reached skill level 8 in Dodging
 10812 | D:10     | HP: 6/50 [slime creature (22)]
 10831 | D:10     | HP: 6/50 [slime creature (2)]
 10883 | D:10     | Reached skill level 5 in Fighting
 11178 | D:10     | Reached skill level 9 in Dodging
 11252 | D:10     | Gained mutation: You have large cloven feet. [evolution]
 11358 | D:10     | Reached skill level 6 in Fighting
 11919 | D:11     | Noticed a two-headed ogre
 11921 | D:11     | HP: 7/53 [centaur/arrow (13)]
 11925 | D:11     | Noticed VLARC's ghost (journeyman TrMo)
 11929 | D:11     | HP: 5/53 [VLARC's ghost (31)]
 11933 | D:11     | Reached XP level 11. HP: 6/58 MP: 25/25
 12178 | D:11     | Reached skill level 8 in Crossbows
 12373 | D:11     | Noticed a green ugly thing
 12435 | D:11     | Killed a green ugly thing
 12650 | D:11     | Noticed Gastronok
 12660 | D:11     | Killed from afar by Gastronok

Vault maps used:
D:1:      lightli_arrival_chessboard, minmay_tetromino_t4
D:2:      gammafunk_temple_overflow_forgotten, minmay_door_square,
          minmay_hedge_maze
D:4:      overflow_temple_1_default, first_ration, minmay_goblin_outpost,
          uniq_edmund
D:6:      lemuel_doored_altar, serial_shops, nicolae_shop_waterfront,
          centaur_isle
D:7:      minmay_temple_entry_statues_pillars, serial_shops, shop_statue,
          st_stairs_1
D:8:      grunt_pizzeria, grunt_ministairs_11, small_chamber_with_monster,
          nicolae_dithmenos_the_darkroom, uniq_prince_ribbit1
D:9:      overflow_temple_1_default, orc_0_dummy, enter_bailey_3, serial_shops,
          shop
D:11:     erik_lair_orcish_takeover, serial_shops, kennysheep_mini,
          uniq_gastronok
Bailey:   bailey_polearm_2, bailey

Skill      XL: |  1  2  3  4  5  6  7  8  9 10 11 |
---------------+----------------------------------+-----
Spellcasting   | 3 4 5 6 8 9 |  9.2
Poison Magic   | 4 5 6 7 8 |  8.0
Fighting       | 3 6 |  6.4
Dodging        | 6 7 9 |  9.9
Necromancy     | 5 |  5.4
Crossbows      | 3 7 8 |  8.7
Stealth        | |  3.0
Conjurations   | |  0.6

Action                   |  1- 3 |  4- 6 |  7- 9 | 10-12 || total
-------------------------+-------+-------+-------+-------++-------
Melee: Unarmed           |     1 |       |       |       ||     1
       Club              |     5 |    12 |       |       ||    17
       Flail             |       |    17 |   113 |       ||   130
 Fire: Arbalest          |       |       |     4 |   291 ||   295
 Cast: Sting             |    42 |    14 |       |       ||    56
       Poisonous Vapours |    22 |    42 |   128 |    23 ||   215
       Olgreb's Toxic Ra |       |     2 |    10 |    10 ||    22
       Mephitic Cloud    |       |       |     7 |    10 ||    17
       Regeneration      |       |       |     7 |     7 ||    14
       Animate Dead      |       |       |     4 |       ||     4
       Vampiric Draining |       |       |     1 |     1 ||     2
       Animate Skeleton  |       |       |     1 |       ||     1
Invok: Divine Energy     |       |       |     1 |       ||     1
Evoke: Wand              |       |       |     3 |       ||     3
  Use: Scroll            |     2 |     6 |     6 |     3 ||    17
       Potion            |       |       |     1 |     4 ||     5
 Stab: Paralysed         |       |       |     6 |       ||     6
       Sleeping          |       |       |     1 |       ||     1
  Eat: Ration            |       |     1 |     3 |     2 ||     6
Armor: Robe              |       |     7 |    12 |     7 ||    26
Dodge: Dodged            |    27 |    66 |   210 |   150 ||   453

Table legend:
 A = Spawn XP
 B = Non-spawn XP
 C = Spawn XP percentage of total XP
 D = Spawn monster count
 E = Non-spawn monster count
 F = Spawn count percentage of total count
 G = Total turns spent on level
                    A         B        C        D         E        F      G
               +---------+---------+-------+---------+---------+-------+---------
         Total |       0 |   12912 |   0.0 |       0 |     245 |   0.0 | 12660
               +---------+---------+-------+---------+---------+-------+---------
           D:1 |       0 |      29 |   0.0 |       0 |      16 |   0.0 |  1256
           D:2 |       0 |      58 |   0.0 |       0 |      13 |   0.0 |   584
           D:4 |       0 |     250 |   0.0 |       0 |      18 |   0.0 |  1562
           D:5 |       0 |     319 |   0.0 |       0 |      17 |   0.0 |  1452
           D:6 |       0 |     458 |   0.0 |       0 |      11 |   0.0 |  1170
           D:7 |       0 |     485 |   0.0 |       0 |      15 |   0.0 |   850
           D:8 |       0 |    1948 |   0.0 |       0 |      18 |   0.0 |   997
           D:9 |       0 |    1696 |   0.0 |       0 |      47 |   0.0 |  1385
          D:10 |       0 |    3268 |   0.0 |       0 |      36 |   0.0 |  1407
          D:11 |       0 |    2103 |   0.0 |       0 |      28 |   0.0 |   744
        Bailey |       0 |    2298 |   0.0 |       0 |      26 |   0.0 |  1253
               +---------+---------+-------+---------+---------+-------+---------

Vault maps used:
D:1:      lightli_arrival_chessboard, minmay_tetromino_t4
D:2:      gammafunk_temple_overflow_forgotten, minmay_door_square,
          minmay_hedge_maze
D:4:      overflow_temple_1_default, first_ration, minmay_goblin_outpost,
          uniq_edmund
D:6:      lemuel_doored_altar, serial_shops, nicolae_shop_waterfront,
          centaur_isle
D:7:      minmay_temple_entry_statues_pillars, serial_shops, shop_statue,
          st_stairs_1
D:8:      grunt_pizzeria, grunt_ministairs_11, small_chamber_with_monster,
          nicolae_dithmenos_the_darkroom, uniq_prince_ribbit1
D:9:      overflow_temple_1_default, orc_0_dummy, enter_bailey_3, serial_shops,
          shop
D:11:     erik_lair_orcish_takeover, serial_shops, kennysheep_mini,
          uniq_gastronok
Bailey:   bailey_polearm_2, bailey

Table legend:
 A = Turns spent in this place as a percentage of turns spent in the entire game.
 B = Non-inter-level travel turns spent in this place as a percentage of non-inter-level travel turns spent in the entire game.
 C = Inter-level travel turns spent in this place as a percentage of turns spent in this place.
 D = Turns resting spent in this place as a percentage of non-inter-level travel turns spent in this place.
 E = Turns spent auto-exploring this place as a percentage of non-inter-level travel turns spent in this place.
 F = Non-inter-level travel turns spent in this place divided by the number of levels of this place that you've seen.
                   A       B       C       D       E      F
               +-------+-------+-------+-------+-------+----------------------
         Total | 100.0 | 100.0 |   2.1 |  29.8 |  45.0 | 1126.2
       Dungeon |  90.1 |  89.9 |   2.4 |  29.3 |  47.3 | 1113.5
        Bailey |   9.9 |  10.1 |   0.0 |  34.1 |  24.8 | 1253.0
               +-------+-------+-------+-------+-------+----------------------

Table legend:
 A = Kills in this place as a percentage of kills in entire the game.
 B = Kills by you in this place as a percentage of kills by you in the entire game.
 C = Kills by friends in this place as a percentage of kills by friends in the entire game.
 D = Other kills in this place as a percentage of other kills in the entire game.
 E = Experience gained in this place as a percentage of experience gained in the entire game.
 F = Experience gained in this place divided by the number of levels of this place that you have seen.
                   A       B       C       D       E      F
               +-------+-------+-------+-------+-------+----------------------
         Total | 100.0 | 100.0 | 100.0 | 100.0 | 100.0 | 1173.8
       Dungeon |  89.4 |  89.9 | 100.0 |   0.0 |  82.2 | 1061.4
        Bailey |  10.6 |  10.1 |   0.0 | 100.0 |  17.8 | 2298.0
               +-------+-------+-------+-------+-------+----------------------
